 Dungeon Crawl Stone Soup version 0.21-a0-286-g6fcecc0 (webtiles) character file.

216 Ijustatesigmund the Cudgeler (level 5, -4/37 HPs)
             Began as an Octopode Fighter on Sept 26, 2017.
             Killed from afar by an orc wizard (6 damage)
             ... with a puff of frost
             ... on level 3 of the Dungeon.
             The game lasted 00:04:41 (2610 turns).

Ijustatesigmund the Cudgeler (Octopode Fighter)     Turns: 2610, Time: 00:04:41

Health: -4/37      AC:  1    Str: 15    XL:     5   Next: 93%
Magic:  5/5        EV: 12    Int: 11    God:
Gold:   126        SH:  9    Dex: 12    Spells: 4/4 levels left

rFire    . . .     SeeInvis .   a - +0 flail
rCold    . . .     Gourm    .   b - +0 shield
rNeg     . . .     Faith    .   (helmet restricted)
rPois    .         Spirit   .   (no amulet)
rElec    .         Reflect  .   (no ring)
rCorr    .         Harm     .   (no ring)
MR       .....                  (no ring)
Stlth    ++........             (no ring)
HPRegen  0.12/turn              (no ring)
MPRegen  0.09/turn              (no ring)
                                (no ring)
                                (no ring)

@: no status effects
A: almost no armour, stealthy swim, amphibious, 8 rings, constrict 8, camouflage
1, gelatinous body 1
a: no special abilities


You were on level 3 of the Dungeon.
You were not hungry.

You visited 1 branch of the dungeon, and saw 3 of its levels.

You collected 126 gold pieces.

Inventory:

Hand Weapons
 a - a +0 flail (weapon)
Armour
 b - a +0 shield (worn)
Scrolls
 i - a scroll of fog {unknown}
 k - a scroll of enchant armour {unknown}
 m - a scroll of remove curse {unknown}
 n - a scroll of enchant weapon {unknown}
Potions
 c - a potion of might
 e - a potion of agility {unknown}
 f - a potion of heal wounds {unknown}
 g - a potion of ambrosia {unknown}
Comestibles
 d - 4 bread rations
 h - 2 royal jellies


   Skills:
 + Level 3.9 Fighting
 * Level 4.2 Maces & Flails
 + Level 4.0 Dodging
 - Level 3.5 Shields


You had 4 spell levels left.
You didn't know any spells.

Dungeon Overview and Level Annotations

Branches:
Dungeon (3/15)

Altars:


Innate Abilities, Weirdness & Mutations

You cannot wear most types of armour.
You are very stealthy in the water. (Stealth+)
You are amphibious.
You can wear up to eight rings at the same time.
You can use your tentacles to constrict eight enemies at once.
Your skin changes colour to match your surroundings (Stealth+).
Your rubbery body absorbs attacks. (AC +1, EV +1)


Message History

The bat barely misses you. The bat misses you.
Your surroundings seem slightly different.
Floosh!
You block the bat's attack. The bat closely misses you.
The bat closely misses you. You block the bat's attack.
The bat closely misses you.
The orc wizard gestures at you while chanting.
The puff of flame hits you!
* * * LOW HITPOINT WARNING * * *
The bat hits you but does no damage.
The orc wizard miscasts a cantrip.
The bat barely misses you. The bat hits you.
* * * LOW HITPOINT WARNING * * *
The orc wizard casts a spell at you. The puff of frost hits you!
You die...

#
##...###.[≈≈≈≈≈≈≈≈≈≈...##
#
#.....##≈.≈≈≈≈≈≈≈≈≈.....#
#
#........≈≈≈≈...o≈r..#.#
#
#.....##..≈≈≈._r≈≈o≈...#
#
#....###.≈≈≈≈≈.≈≈§o.≈#.#
# #.#.##
#..≈≈≈≈≈§§≈≈..#.### #.#.#
#..≈≈≈≈≈≈≈≈≈≈≈....# #.#.#
#..≈≈≈b≈≈≈≈≈..#.#.# #
#.#.# #≈.≈.≈@.≈..≈≈.#.#.#
# #.#.#
#.≈..≈.≈.≈....#.#.# #
#.#.# ######.<........#.#
# #(#.# ############.# #
#.#.# #.# # #)#.# #.# #
#.#.# ########.## # #.#.#
#.........# # #.#.#
#.######.##


You could see an orc wizard, an orc, a bat and 2 rats.

Vanquished Creatures
  An orc priest (D:3)
  A gnoll shaman (D:3)
  Terence (D:3)
  5 gnolls
  An adder (D:2)
  A worm (D:2)
  A dart slug (D:2)
  4 leopard geckos
  7 orcs
  6 bats
  A giant cockroach (D:2)
  4 goblins
  8 hobgoblins
  2 quokkas (D:3)
  2 ball pythons
  7 frilled lizards
  3 kobolds (D:1)
  9 rats
64 creatures vanquished.

Notes
Turn   | Place    | Note
-------+----------+-------------------------------------------
     0 | D:1      | Ijustatesigmund the Octopode Fighter began the quest for the Orb.
     0 | D:1      | Reached XP level 1. HP: 16/16 MP: 1/1
    74 | D:1      | Reached XP level 2. HP: 21/21 MP: 2/2
   294 | D:1      | Reached XP level 3. HP: 26/26 MP: 3/3
  1170 | D:2      | Reached XP level 4. HP: 25/31 MP: 4/4
  2046 | D:3      | Reached XP level 5. HP: 30/37 MP: 5/5
  2357 | D:3      | Noticed Terence
  2365 | D:3      | Killed Terence
  2388 | D:3      | Found a faded altar of an unknown god.
  2610 | D:3      | Killed from afar by an orc wizard

Vault maps used:
D:1:      lightli_arrival_statuegarden, minmay_misc_feat_alley
D:3:      chequers_ecumenical_altar_island, st_stairs_7, uniq_terence

Skill      XL: |  1  2  3  4  5 |
---------------+----------------+-----
Maces & Flails | 3 4 |  4.2
Dodging        | 4 |  4.0
Fighting       | |  3.9
Shields        | |  3.5

Action                   |  1- 3 |  4- 6 || total
-------------------------+-------+-------++-------
Melee: Flail             |    74 |    52 ||   126
       Tentacles         |     8 |    16 ||    24
       Constrict         |    16 |    18 ||    34
  Use: Scroll            |     4 |     1 ||     5
 Stab: Sleeping          |     8 |     5 ||    13
  Eat: Chunk             |       |     5 ||     5
Armor: Skin              |     5 |     5 ||    10
Dodge: Dodged            |    34 |    38 ||    72
Block: Shield            |    23 |    29 ||    52

Table legend:
 A = Spawn XP
 B = Non-spawn XP
 C = Spawn XP percentage of total XP
 D = Spawn monster count
 E = Non-spawn monster count
 F = Spawn count percentage of total count
 G = Total turns spent on level
                    A         B        C        D         E        F      G
               +---------+---------+-------+---------+---------+-------+---------
         Total |       0 |     309 |   0.0 |       0 |      64 |   0.0 |  2610
               +---------+---------+-------+---------+---------+-------+---------
           D:1 |       0 |      52 |   0.0 |       0 |      25 |   0.0 |   776
           D:2 |       0 |      76 |   0.0 |       0 |      25 |   0.0 |  1442
           D:3 |       0 |     181 |   0.0 |       0 |      14 |   0.0 |   392
               +---------+---------+-------+---------+---------+-------+---------
